 Dungeon Crawl Stone Soup version 0.27-a0-1334-g2746e35aca (webtiles) character file.

Game seed: 4733483388271849920

4939 Gwenloh the Basher (level 10, -4/56 HPs)
             Began as a Gargoyle Fighter on June 26, 2021.
             Was a Follower of the Shining One.
             Slain by a cane toad (9 damage)
             ... on level 8 of the Dungeon.
             The game lasted 00:32:53 (12529 turns).

Gwenloh the Basher (Gargoyle Fighter)              Turns: 12529, Time: 00:32:54

Health: -4/56      AC: 14    Str: 19    XL:     10   Next: 52%
Magic:  15/15      EV: 11    Int: 10    God:    the Shining One [*.....]
Gold:   387        SH:  9    Dex: 12    Spells: 9/9 levels left

rFire    . . .     SeeInvis .   a - +0 flail
rCold    . . .     Faith    .   c - +0 kite shield
rNeg     + . .     Spirit   .   u - +0 scale mail
rPois    ∞         Reflect  .   (no helmet)
rElec    +         Harm     .   C - scarf {+Inv}
rCorr    .         Rampage  .   (no gloves)
Will     .....                  (no boots)
Stlth    ..........             (no amulet)
HPRegen  0.18/turn              D - +4 ring of evasion
MPRegen  0.14/turn              (no ring)

@: glowing
A: sickness immunity, AC +7, negative energy resistance 1, electricity
resistance, torment resistance 1, petrification resistance
a: Renounce Religion, Evoke Invisibility


You were on level 8 of the Dungeon.
You worshipped the Shining One.
The Shining One was aware of your devotion.
You visited 3 branches of the dungeon, and saw 10 of its levels.

You collected 387 gold pieces.

Inventory:

Hand Weapons
 a - a +0 flail (weapon)
 b - a +0 hunting sling
 G - a +2 whip of freezing
 M - a +0 whip of venom
 P - a +1 spear of venom
Missiles
 g - 72 sling bullets
 m - 191 stones
 x - 30 bolts
 F - a curare-tipped dart
 L - 5 boomerangs
 N - a throwing net
Armour
 c - a +0 kite shield (worn)
 u - a +0 scale mail (worn)
 C - a scarf of invisibility (worn)
 K - a +0 scale mail of fire resistance
Jewellery
 z - a ring of poison resistance
 D - a +4 ring of evasion (left hand)
 H - a ring of ice
Wands
 d - a wand of paralysis (13)
 k - a wand of flame (21) (quivered)
 Q - a wand of charming (12)
Scrolls
 h - a scroll of magic mapping
 j - 3 scrolls of teleportation
 o - 2 scrolls of enchant weapon
 p - 5 scrolls of vulnerability
 r - 4 scrolls of noise
 s - 2 scrolls of blinking {unknown}
 t - 3 scrolls of enchant armour {unknown}
 y - 2 scrolls of immolation {unknown}
 A - 2 scrolls of fear {unknown}
 E - a scroll of holy word {unknown}
 O - a scroll of torment {unknown}
Potions
 e - 2 potions of flight
 f - 2 potions of degeneration {unknown}
 i - a potion of lignification
 l - 7 potions of curing
 n - 2 potions of brilliance {unknown}
 q - a potion of mutation {unknown}
 v - 2 potions of magic
 w - a potion of berserk rage {unknown}
 B - a potion of haste {unknown}
 J - a potion of ambrosia {unknown}


   Skills:
 - Level 3.3 Fighting
 * Level 11.9 Maces & Flails
 + Level 6.0 Armour
 - Level 3.2 Shields
 + Level 7.3 Invocations
 + Level 3.9 Evocations


You had 9 spell levels left.
You didn't know any spells.
Your spell library contained the following spells:

 Spells                   Type           Power      Damage    Failure   Level
 Animate Skeleton         Necr           0%         N/A       99%         1
 Apportation              Tloc           0%         N/A       99%         1
 Corona                   Hex            0%         N/A       99%         1
 Foxfire                  Conj/Fire      0%         2x1d4     99%         1
 Magic Dart               Conj           0%         1d3       99%         1
 Summon Small Mammal      Summ           0%         N/A       99%         1
 Blink                    Tloc           N/A        N/A       100%        2
 Call Imp                 Summ           0%         N/A       100%        2
 Slow                     Hex            0%         N/A       100%        2
 Conjure Flame            Conj/Fire      0%         6-21      100%        3
 Inner Flame              Hex/Fire       0%         N/A       100%        3
 Mephitic Cloud           Conj/Pois/Air  0%         N/A       100%        3
 Sticky Flame             Conj/Fire      0%         2d3       100%        4
 Fireball                 Conj/Fire      0%         3d3       100%        5


Dungeon Overview and Level Annotations

Branches:
Dungeon (8/15)             Temple (1/1) D:7            Lair (1/6) D:8

Altars:
Ashenzari
Cheibriados
Dithmenos
Elyvilon
Fedhas
Gozag
Hepliaklqana
Kikubaaqudgha
Makhleb
Nemelex Xobeh
Okawaru
Qazlal
Ru
Sif Muna
Trog
Vehumet
Wu Jian
Xom
Yredelemnul
Zin
The Shining One

Shops:
D:1 (   D:2 **(

Annotations:
D:4 3 runed translucent doors, Venturno's ghost, amateur DECj
D:8 2 runed translucent doors, senseless's ghost, novice DsTm


Innate Abilities, Weirdness & Mutations

You are immune to sickness and miasma.
Your stone body is resilient. (AC +7)
You are immune to poison.
You resist negative energy. (rN+)
You are resistant to electric shocks. (rElec)
You are resistant to unholy torment.
You are immune to petrification.


Message History

The cane toad stings you but does no damage.
You climb upwards.
Welcome back to the Dungeon!
Level annotation: 2 runed translucent doors, senseless's ghost, novice DsTm
There is a staircase to the Lair here.
You shoot a stone. The stone hits the cane toad.
The cane toad is lightly wounded.
The cane toad barely misses you.
You shoot a stone.
The stone hits the cane toad but does no damage.
The cane toad is lightly wounded.
The cane toad stings you! The cane toad stings you!!
You shoot a stone. The stone hits the cane toad.
The cane toad is lightly wounded.
The cane toad stings you. x2
You are too injured to fight recklessly!
You feel much better. You block the cane toad's attack.
a - a +0 flail (weapon)
The cane toad stings you but does no damage.
You hit the cane toad.
The cane toad is lightly wounded.
The cane toad closely misses you.
You barely miss the cane toad.
The cane toad is lightly wounded.
The cane toad stings you!
You hit the cane toad but do no damage.
The cane toad is lightly wounded.
The cane toad stings you!
* * * LOW HITPOINT WARNING * * *
You block the cane toad's attack.
You hit the cane toad but do no damage.
The cane toad is lightly wounded.
The cane toad closely misses you.
You sock the cane toad!
The cane toad is heavily wounded.
The cane toad stings you!
* * * LOW HITPOINT WARNING * * *
You thump the cane toad!
The cane toad is almost dead.
The cane toad stings you!
You die...

###.###########.#
....# #.# ...##
#.# ##.# #.# ##.#
#.# .#.#
#########.####
.#.#
#............#
.#.#
#.#######..#.#
.#.# #.# #F@#.#
.#.# #[#
####.##.# .#>#
#.# #....##.#
##.# #.#
#.#####.# ...#
#.# #.# #.# ####
#.# ##.## #.#
#.###.#.## #.#
#######.###.###.#
###..###..##
##....#


You could see a cane toad.

Vanquished Creatures
  Harold (D:7)
  Pikel (D:7)
  4 yaks
  A wyvern (D:7)
  4 water moccasins
  2 ice beasts
  A black bear (D:8)
  2 necrophages (D:6)
  An orc warrior (D:7)
  2 sky beasts (D:6)
  3 ogres
  2 centaurs
  2 lemures (D:7)
  A kobold brigand (D:7)
  2 scorpions
  A bullfrog (D:6)
  A water moccasin zombie (D:6)
  3 killer bees (D:7)
  3 jellies
  A centaur zombie (D:5)
  A bullfrog zombie (D:7)
  A bullfrog skeleton (D:4)
  2 hounds
  2 orc priests
  2 gnoll shamans
  6 iguanas
  2 centaur skeletons
  Jessica (D:3)
  6 orc wizards
  Ijyb (D:3)
  Terence (D:3)
  9 gnolls
  4 adders
  2 river rats (D:3)
  A shadow imp (D:5)
  2 white imps
  2 worms
  The ghost of Goblin1989 the Sneak, a weakling DsDe (D:4)
  4 dart slugs
  18 orcs
  4 ball pythons
  5 bats
  7 endoplasms
  8 giant cockroaches
  5 goblins
  9 hobgoblins
  8 jackals
  14 kobolds
  6 quokkas
  3 frilled lizards
  11 rats
186 creatures vanquished.

Vanquished Creatures (others)
  An orc wizard (D:5)
1 creature vanquished.

Grand Total: 187 creatures vanquished

Notes
Turn   | Place    | Note
-------+----------+-------------------------------------------
     0 | D:1      | Gwenloh the Gargoyle Fighter began the quest for the Orb.
     0 | D:1      | Reached XP level 1. HP: 14/14 MP: 1/1
    70 | D:1      | Reached XP level 2. HP: 19/19 MP: 2/2
   191 | D:1      | Reached skill level 3 in Maces & Flails
   224 | D:1      | Found Bouleklyn's Antique Weapon Emporium.
   418 | D:1      | Reached XP level 3. HP: 19/23 MP: 3/3
   742 | D:1      | Found a faded altar of an unknown god.
   883 | D:2      | Found Rareffy's Weapon Shoppe.
  1008 | D:2      | Found Deirret's Assorted Antiques.
  1038 | D:2      | Reached skill level 4 in Maces & Flails
  1226 | D:2      | Found Xubuer's Assorted Antiques.
  1229 | D:2      | Reached XP level 4. HP: 28/28 MP: 4/4
  2215 | D:3      | Noticed Ijyb
  2245 | D:3      | Killed Ijyb
  2735 | D:3      | Noticed Terence
  2748 | D:3      | Killed Terence
  2749 | D:3      | Reached skill level 5 in Maces & Flails
  2749 | D:3      | Reached XP level 5. HP: 28/32 MP: 5/5
  2854 | D:3      | Found a glowing golden altar of the Shining One.
  2925 | D:3      | Noticed Jessica
  2933 | D:3      | Killed Jessica
  3810 | D:3      | Reached skill level 6 in Maces & Flails
  4014 | D:4      | Reached XP level 6. HP: 35/37 MP: 6/6
  4642 | D:4      | Found a burning altar of Makhleb.
  5130 | D:3      | Reached skill level 7 in Maces & Flails
  5152 | D:3      | Became a worshipper of the Shining One
  5258 | D:4      | Reached XP level 7. HP: 37/41 MP: 7/7
  5466 | D:4      | Reached skill level 1 in Invocations
  5665 | D:4      | Found a runed translucent gate.
  5665 | D:4      | Found a runed translucent gate.
  5665 | D:4      | Found a runed translucent gate.
  5666 | D:4      | Noticed Venturno's ghost (amateur DECj)
  5716 | D:4      | Found a sparkling altar of Nemelex Xobeh.
  6193 | D:5      | Entered Level 5 of the Dungeon
  6686 | D:5      | Reached skill level 8 in Maces & Flails
  7112 | D:5      | Found a runed translucent gate.
  7112 | D:5      | Found a runed translucent gate.
  7112 | D:5      | Found a runed translucent gate.
  7114 | D:5      | Found an opulent altar of Gozag.
  7115 | D:5      | Noticed Goblin1989's ghost (weakling DsDe)
  7206 | D:4      | Killed Goblin1989's ghost
  7376 | D:5      | Reached XP level 8. HP: 35/46 MP: 10/10
  7741 | D:5      | Reached skill level 9 in Maces & Flails
  8130 | D:6      | Identified the +10 whip of Ru's Supremacy {pain, rPois
                  | Int+3}
  8267 | D:6      | Reached skill level 10 in Maces & Flails
  8267 | D:6      | Reached skill level 5 in Invocations
  8305 | D:6      | Reached XP level 9. HP: 51/51 MP: 12/12
  8511 | D:6      | Found a blossoming altar of Fedhas.
  8516 | D:6      | Found an ornate altar of the Wu Jian Council.
  8548 | D:6      | Reached * piety under the Shining One
  9130 | D:7      | Reached skill level 1 in Evocations
  9477 | D:7      | Noticed Pikel
  9496 | D:7      | Killed Pikel
  9642 | D:7      | Noticed Harold
  9675 | D:7      | Killed Harold
  9676 | D:7      | Reached skill level 11 in Maces & Flails
  9676 | D:7      | Reached skill level 5 in Armour
  9676 | D:7      | Reached XP level 10. HP: 15/56 MP: 14/14
 10425 | D:7      | Found a staircase to the Ecumenical Temple.
 10434 | Temple   | Entered the Ecumenical Temple
 11402 | D:8      | Found a staircase to the Lair.
 11698 | D:8      | Found a large runed translucent door.
 11698 | D:8      | Found a large runed translucent door.
 11700 | D:8      | Noticed senseless's ghost (novice DsTm)
 12510 | Lair:1   | Entered Level 1 of the Lair of Beasts
 12510 | Lair:1   | Noticed a cane toad
 12529 | D:8      | Slain by a cane toad

Illustrated notes

Levels and vault maps discovered:
D:1:      minmay_arrival_checkered_box, layout_rooms,
          hellmonk_ecumenical_altar_run_dry, serial_shops, nicolae_shop_crystal,
          minmay_door_square, minmay_misc_feat_x
D:2:      layout_basic, serial_shops, nicolae_shop_overgrown_old_shop, shop,
          shop, serial_curves, eino_curves_02, eino_curves_02,
          kennysheep_another_room, hangedman_decor_points,
          small_statue_intersection
D:3:      layout_basic, nicolae_overflow_hidden_temple, portal_sewer_entry_b,
          uniq_ijyb, uniq_jessica, uniq_terence
D:4:      layout_basic, nemelex_spade_bored_becter, makhleb_heckhound_becter,
          ebering_ghost_rock_garden, st_stairs_14
D:5:      layout_basic, ebering_ghost_gozag, serial_curves, eino_curves_04,
          eino_curves_03, eino_curves_03
D:6:      layout_cave_pools, amethyst_overflow_temple_binary
D:7:      layout_basic, minmay_temple_entry_waves, uniq_pikel, uniq_harold
D:8:      layout_loops_ring, lair_entry_dummy, ebering_ghost_disaster_area
Temple:   eino_temple_rhombus
Lair:1:   layout_cave_shapes, serial_bayou_shore_a, grunt_megastairs_3

Skill      XL: |  1  2  3  4  5  6  7  8  9 10 |
---------------+-------------------------------+-----
Maces & Flails | 3 4 5 6 7 8 10 11 | 11.9
Invocations    | 3 5 6 7 |  7.3
Evocations     | 3 |  3.9
Armour         | 5 6 |  6.0
Fighting       | |  3.3
Shields        | |  3.2

Action                   |  1- 3 |  4- 6 |  7- 9 | 10-12 || total
-------------------------+-------+-------+-------+-------++-------
Melee: Flail             |   126 |   285 |   248 |   100 ||   759
       Whip              |       |       |       |    37 ||    37
 Fire: Hunting sling     |       |       |   111 |    54 ||   165
Throw: Stone             |     7 |    43 |     8 |       ||    58
Evoke: Wand              |       |     4 |     5 |       ||     9
  Use: Potion            |       |     3 |     3 |     1 ||     7
       Scroll            |       |     4 |     4 |       ||     8
Armor: Scale mail        |    47 |   141 |   130 |    67 ||   385
       Skin              |       |       |     1 |       ||     1
Dodge: Dodged            |    34 |    77 |    91 |    70 ||   272
Block: Kite shield       |    63 |   122 |   148 |    65 ||   398

Table legend: (Time is in decaauts)
 A = Elapsed time spent in this place.
 B = Non-inter-level travel time spent in this place.
 C = Inter-level travel time spent in this place.
 D = Time resting spent in this place.
 E = Time spent auto-exploring this place.
 F = Levels seen in this place.
 G = Mean time per level.
                   A        B        C        D        E       F      G
               +--------+--------+--------+--------+--------+-----+--------+
         Total |  12781 |  12465 |    316 |   2621 |   7356 |  10 | 1278.1 |
       Dungeon |  12556 |  12257 |    299 |   2621 |   7155 |   8 | 1569.5 |
        Temple |    219 |    202 |     17 |      0 |    201 |   1 |  219.0 |
          Lair |      5 |      5 |      0 |      0 |      0 |   1 |    5.0 |
               +--------+--------+--------+--------+--------+-----+--------+

Top non-repeatable levels by time:
     D:3: 2714 daAuts
     D:4: 2090 daAuts
     D:5: 1601 daAuts
     D:6: 1550 daAuts
     D:8: 1443 daAuts
     D:7: 1343 daAuts
     D:2: 922 daAuts
     D:1: 892 daAuts
  Temple: 219 daAuts
  Lair:1: 5 daAuts
